 Dungeon Crawl Stone Soup version bcrawl-1.27.1d (webtiles) character file.

Game seed: 14825185158740862829

113091 Goodini51 the Poker (level 4, -7/34 HPs)
             Began as a Merfolk Skald on July 15, 2020.
             Mangled by Sigmund
             ... wielding a +0 scythe
              (8 damage)
             ... on level 3 of the Dungeon.
             The game lasted 00:12:49 (2069 turns).

Goodini51 the Poker (Merfolk Skald)                 Turns: 2069, Time: 00:12:49

Health: -7/34      AC:  3    Str: 12    XL:     4   Next: 30%
Magic:  1/7        EV: 12    Int: 12    God:
Gold:   107        SH:  2    Dex: 13    Spells: 4/7 levels left

rFire    . . .     SeeInvis .   a - +0 spear
rCold    . . .     Gourm    .   (no shield)
rNeg     . . .     Faith    .   b - +0 leather armour
rPois    .         Spirit   .   (no helmet)
rElec    +         Reflect  .   (no cloak)
rCorr    .         Harm     .   (no gloves)
MR       .....                  (no boots)
Stlth    +.........             k - amulet of rage
HPRegen  0.11/turn              j - ring of insulation
MPRegen  0.10/turn              (no ring)

@: infused (expiring), singing
A: change form in water, swift swim, stealthy swim
a: Evoke Berserk Rage


You were on level 3 of the Dungeon.
You were very hungry.

You visited 1 branch of the dungeon, and saw 3 of its levels.

You collected 107 gold pieces.

Inventory:

Hand Weapons
 a - a +0 spear (weapon)
Armour
 b - a +0 leather armour (worn)
Jewellery
 j - a ring of insulation (left hand)
 k - an amulet of rage (around neck)
 p - a cursed ring of attention {unknown}
Scrolls
 c - 2 scrolls of fog
 d - a scroll of fear
 f - 2 scrolls of enchant weapon
 g - a scroll of teleportation {unknown}
 h - 2 scrolls of remove curse {unknown}
 m - a scroll of noise {unknown}
 n - 2 scrolls of blinking {unknown}
 q - a scroll of identify
 s - a scroll of amnesia {unknown}
Potions
 i - a potion of agility {unknown}
 l - a potion of magic {unknown}
 o - a potion of curing {unknown}
Comestibles
 e - 2 rations {!d}


   Skills:
 + Level 2.4 Fighting
 * Level 5.2 Polearms
 + Level 0.9 Armour
 + Level 3.0 Dodging
 * Level 2.1 Spellcasting
 + Level 3.7 Charms


You had 4 spell levels left.
You knew the following spells:

 Your Spells              Type           Power        Failure   Level  Hunger
a - Infusion              Chrm           ##......     8%          1    None
b - Song of Slaying       Chrm           ##......     11%         2    ##.....

Your spell library contained the following spells:

 Spells                   Type           Power        Failure   Level  Hunger
 Ozocubu's Armour         Chrm/Ice       #.......     43%         3    ####...
 Regeneration             Chrm/Necr      #.........   43%         3    ####...
 Spectral Weapon          Hex/Chrm       #.......     43%         3    ####...


Dungeon Overview and Level Annotations

Branches:
Dungeon (3/12)

Altars:
Cheibriados

Annotations:
D:3 Sigmund


Message History

Sigmund is almost dead.
Attack whom?
Press: ? - help, Dir - move target cursor, f/p - Sigmund
Aim: Sigmund, wielding a +0 scythe and wearing a +0 robe (almost dead)
You reach to attack!
You hit Sigmund but do no damage.
Sigmund is almost dead.
Sigmund casts a spell at you. The puff of flame hits you!
* * * LOW HITPOINT WARNING * * *
Attack whom?
Press: ? - help, Dir - move target cursor, f/p - Sigmund
Aim: Sigmund, wielding a +0 scythe and wearing a +0 robe (almost dead)
You reach to attack!
You barely miss Sigmund.
Sigmund is almost dead.
A hobgoblin comes into view. It is wielding a +0 club.
Sigmund gestures wildly while chanting.
Sigmund flickers and vanishes!
Deactivating autopickup; reactivate with Ctrl-A.
Something hits you!
You die...

#
###########.#
............##
.......@.{...#
.##.##.#####.#
#. #g #. .. #.
##


You could see a hobgoblin.

Vanquished Creatures
  A howler monkey skeleton (D:2)
  An ooze (D:1)
  2 worms (D:2)
  3 dart slugs (D:1)
  2 leopard geckos
  2 giant cockroaches (D:2)
  5 goblins
  4 hobgoblins
  6 jackals
  6 kobolds
  A quokka (D:2)
  2 bats
  5 frilled lizards
  A quokka zombie (D:3)
  4 rats
45 creatures vanquished.

Notes
Turn   | Place    | Note
-------+----------+-------------------------------------------
     0 | D:1      | Goodini51 the Merfolk Skald began the quest for the Orb.
     0 | D:1      | Reached XP level 1. HP: 16/16 MP: 3/3
   119 | D:1      | Reached XP level 2. HP: 21/22 MP: 5/5
   636 | D:1      | Reached skill level 4 in Polearms
   636 | D:1      | Reached XP level 3. HP: 20/27 MP: 6/6
   648 | D:1      | Learned a level 2 spell: Song of Slaying
   961 | D:2      | Found a snail-covered altar of Cheibriados.
  1196 | D:2      | Reached XP level 4. HP: 34/34 MP: 7/7
  1256 | D:2      | Reached skill level 5 in Polearms
  1733 | D:3      | Noticed Sigmund
  2067 | D:3      | HP: 1/34 [Sigmund/puff of flame (11)]
  2069 | D:3      | Mangled by Sigmund

Skill      XL: |  1  2  3  4 |
---------------+-------------+-----
Polearms       | 4 5 |  5.2
Dodging        | 3 |  3.0
Fighting       | |  2.4
Armour         | |  0.9
Spellcasting   | |  2.1
Charms         | |  3.7

Action                   |  1- 3 |  4- 6 || total
-------------------------+-------+-------++-------
Melee: Spear             |   208 |    58 ||   266
 Cast: Infusion          |     6 |     5 ||    11
       Song of Slaying   |     1 |     3 ||     4
  Use: Scroll            |     2 |       ||     2
 Stab: Sleeping          |     1 |       ||     1
  Eat: Chunk             |     3 |     2 ||     5
       Ration            |     1 |       ||     1
Armor: Leather armour    |    22 |     2 ||    24
Dodge: Dodged            |    63 |    24 ||    87
Block: Other             |     4 |     1 ||     5
